 Dungeon Crawl Stone Soup version 0.29.1-15-g9cfb28693d (webtiles) character file.

Game seed: 3572702304975958802

34 redmage the Digger (level 3, 0/26 HPs)
             Began as a Meteoran Earth Elementalist on Sept 7, 2023.
             Slain by Sigmund
             ... wielding a +0 scythe
              (7 damage)
             ... on level 2 of the Dungeon.
             The game lasted 00:03:46 (355 turns).

redmage the Digger (Meteoran Earth Elementalist)     Turns: 355, Time: 00:03:47

Health: 0/26       AC:  6    Str:  9    XL:     3   Next: 73%
Magic:  2/8        EV: 12    Int: 19    God:
Gold:   44         SH:  0    Dex: 14    Spells: 2/8 levels left

rFire   . . .      SeeInvis .   (no weapon)
rCold   . . .      Faith    .   (no shield)
rNeg    . . .      Spirit   .   a - +0 robe
rPois   .          Reflect  .   (no helmet)
rElec   .          Harm     .   (no cloak)
rCorr   .          Rampage  .   (no gloves)
Will    .....                   (no boots)
Stlth   +.........              (no amulet)
HPRegen 0.08/turn               i - +4 ring of protection
MPRegen 0.11/turn               (no ring)

@: flying, glowing
A: sense surroundings 1, otherworldly, glowing, explore regen
a: no special abilities


You were on level 2 of the Dungeon.
You visited 1 branch of the dungeon, and saw 2 of its levels.

You collected 44 gold pieces.

Inventory:

Armour
 a - a +0 robe (worn)
Jewellery
 i - a +4 ring of protection (left hand)
Scrolls
 c - a scroll of vulnerability {unknown}
 e - 2 scrolls of teleportation {unknown}
 f - a scroll of magic mapping {unknown}
 g - a scroll of amnesia {unknown}
 h - 3 scrolls of poison {unknown}
Potions
 b - a potion of magic
 j - a potion of attraction {unknown}


   Skills:
 - Level 2.6 Dodging
 - Level 1.5 Stealth
 + Level 3.4 Spellcasting
 + Level 0.6 Conjurations
 - Level 1.5 Transmutations
 + Level 4.2 Earth Magic


You had 2 spell levels left.
You knew the following spells:

 Your Spells              Type           Power      Damage    Failure   Level
a - Sandblast             Erth           38%        2d10      2%          1
b - Passwall              Tmut/Erth      11%        N/A       7%          2
c - Stone Arrow           Conj/Erth      24%        3d8       16%         3

Your spell library contained the following spells:

 Spells                   Type           Power      Damage    Failure   Level
 Petrify                  Tmut/Erth      14%        N/A       41%         4


Dungeon Overview and Level Annotations

Branches:
Dungeon (2/15) Zot: 827

Altars:

Annotations:
D:2 Sigmund


Innate Abilities, Weirdness & Mutations

You passively map a small area around you.
You are easily found by Zot.
You glow in the dark.
You regain HP and MP as you explore.


Message History

You are confused.
You're too confused to cast spells.
Unknown command.
The quokka bites you.
The quokka bites you but does no damage.
The quokka attacks as you move away! The quokka closely misses you.
You are more confused.
The quokka twitches its whiskers.
You miss the quokka.
The quokka bites you but does no damage.
The quokka barely misses you. Something hits you but does no damage.
The quokka bites you but does no damage.
The quokka closely misses you.
You bump into the rock wall.
The quokka barely misses you. Something hits you!
You bump into the rock wall.
The quokka barely misses you.
You're too confused to move!
The quokka bites you. Something hits you but does no damage.
You bump into the rock wall.
The quokka bites you but does no damage.
Something hits you but does no damage.
The quokka bites you but does no damage.
The quokka barely misses you.
You bump into the rock wall.
Something hits you.
The quokka bites you but does no damage.
The quokka attacks as you move away! The quokka barely misses you.
Something hits you.
It was a potion of flight.
You feel very buoyant.
You fly up into the air.
You feel less confused. The quokka completely misses you.
Casting: Sandblast (safe; 2% risk of failure)
Confirm with . or Enter, or press ? or * to list all spells.
Aiming: Passwall (safe; 7% risk of failure)
Press: ? - help, Dir - move target A rock wall.
The quokka bites you.
* * * LOW HITPOINT WARNING * * *
Something hits you!
You die...

.....#(.#.......# , ,
,.......##........#,,
.......##........#,
,......#..#.......#
.................#
.........†.......#
................##
#..............##
#.........{r@## #.
###### ##..........##
#.##....#
##....†.).######.##.##.#
####''####.......#.##.#
#[.#[.#.###...#.##.#
#.............#.##<#
#####.##..#...#.####
#.###.#.....#
#.....#..####


You could see a quokka.

Vanquished Creatures
  An adder (D:2)
  3 endoplasms (D:2)
  A giant cockroach (D:2)
  2 goblins
  4 hobgoblins
  A quokka (D:1)
  2 ball pythons (D:1)
  5 bats
  3 frilled lizards
  A kobold (D:2)
  3 rats
26 creatures vanquished.

Notes
Turn   | Place    | Note
-------+----------+-------------------------------------------
     0 | D:1      | redmage the Meteoran Earth Elementalist began the quest for
                  | the Orb.
     0 | D:1      | Reached XP level 1. HP: 14/14 MP: 5/5
    44 | D:1      | Reached XP level 2. HP: 20/20 MP: 4/6
    49 | D:1      | Learned a level 2 spell: Passwall
   292 | D:2      | Reached skill level 4 in Earth Magic
   293 | D:2      | Reached XP level 3. HP: 24/26 MP: 3/8
   317 | D:2      | Learned a level 3 spell: Stone Arrow
   328 | D:2      | Noticed Sigmund
   355 | D:2      | Slain by Sigmund

Illustrated notes

Levels and vault maps discovered:
D:1:      minmay_arrival_glassed_features, layout_loops_corners,
          shapermc_ecumenical_altar_pompeii
D:2:      kennysheep_big_flooded_room, layout_basic, uniq_sigmund

Skill      XL: |  1  2 |
---------------+-------+-----
Spellcasting   | 3 |  3.4
Earth Magic    | 4 |  4.2
Dodging        | |  2.6
Stealth        | |  1.5
Conjurations   | |  0.6
Transmutations | |  1.5

Action                   || total
-------------------------++-------
Melee: Unarmed           ||     2
 Cast: Sandblast         ||    34
       Passwall          ||     8
  Use: Potion            ||     1
Armor: Robe              ||    15
Dodge: Dodged            ||    23
